 Dungeon Crawl Stone Soup version 0.30.2 (webtiles) character file.

Game seed: 14676492264634772448

17628 HaleSumoOx the Arsonist (level 12, -7/81 HPs)
             Began as a Yellow Draconian Fire Elementalist on Jan 23, 2024.
             Was a Believer of Vehumet.
             Mangled by an enormous slime creature (24 damage)
             ... on level 12 of the Dungeon.
             The game lasted 01:38:28 (19614 turns).

HaleSumoOx the Arsonist (DrFE)                     Turns: 19614, Time: 01:38:32

Health: -7/81      AC: 13    Str:  6    XL:     12   Next: 20%
Magic:  12/24      EV: 15    Int: 23    God:    Vehumet [**....]
Gold:   994        SH:  0    Dex: 12    Spells: 2/27 levels left

rFire   + + .        s - +5 scythe "Finisher" {speed, execute}
rCold   . . .        (shield currently unavailable)
rNeg    . . .        (body armour unavailable)
rPois   +            Y - +2 hat
rElec   +            v - scarf {rC+ rF+}
rCorr   +            y - +2 pair of gloves
SInv    +            (no boots)
Will    .....        z - amulet of magic regeneration
Stlth   +++          j - ring of the Establishment {rElec rPois Str-5 Int+3 SInv}
HPRegen 0.33/turn    h - ring of fire
MPRegen 0.59/turn

%: no passive effects
@: studying Stealth
A: spit acid, AC +8, unfitting armour, cold-blooded, acid resistance
a: Breathe Acid, Renounce Religion


You were on level 12 of the Dungeon.
You worshipped Vehumet.
Vehumet was pleased with you.
You visited 4 branches of the dungeon, and saw 16 of its levels.
You also visited: Bailey.

You collected 1820 gold pieces.
You spent 826 gold pieces at shops.

Inventory:

Hand Weapons
 d - a +0 spear
 s - the +5 scythe "Finisher" (weapon) {speed, execute}
   (You found it in a bailey)
 E - a +5 battleaxe
 N - a +0 hammer
Armour
 g - a +1 pair of gloves
 v - a scarf of resistance (worn)
 y - a +2 pair of gloves (worn)
 Y - a +2 hat (worn)
Magical Staves
 H - a staff of fire
Jewellery
 c - a ring of willpower
 h - a ring of fire (right hand)
 j - the ring of the Establishment (left hand) {rElec rPois Str-5 Int+3 SInv}
   (You bought it in a shop on level 2 of the Dungeon)

   [ring of poison resistance]

   Str:       It affects your strength (-5).
   Int:       It affects your intelligence (+3).
   rElec:     It insulates you from electricity.
   rPois:     It protects you from poison.
   SInv:      It lets you see invisible.
 k - a ring of magical power
 z - an amulet of magic regeneration (around neck)
 F - a +6 ring of strength
 G - a ring of ice
 J - a ring of willpower
Wands
 q - a wand of flame (15)
 K - a wand of charming (13)
 M - a wand of digging (5)
 T - a wand of roots (1)
Scrolls
 f - 3 scrolls of enchant weapon
 m - a scroll of enchant armour
 r - 4 scrolls of noise
 t - 3 scrolls of silence
 B - 3 scrolls of fear
 C - a scroll of immolation {unknown}
 D - 3 scrolls of fog
 I - a scroll of torment {unknown}
 L - a scroll of butterflies {unknown}
 O - 2 scrolls of vulnerability
 Q - a scroll of amnesia
 V - 2 scrolls of magic mapping
Potions
 a - a potion of magic
 b - 5 potions of lignification
 e - 4 potions of curing
 i - 2 potions of ambrosia
 n - 8 potions of might
 o - 2 potions of haste {unknown}
 p - 6 potions of flight
 u - 3 potions of attraction {unknown}
 w - 2 potions of brilliance
 x - 3 potions of invisibility
 A - 3 potions of berserk rage
 R - a potion of mutation {unknown}
 S - a potion of degeneration {unknown}
 X - a potion of resistance {unknown}
 Z - 2 potions of heal wounds
Miscellaneous
 P - a piece from Xom's chessboard (15/15)
 U - a tin of tremorstones (2/2)
 W - a phantom mirror


   Skills:
 + Level 7.9 Dodging
 - Level 7.0 Stealth
 + Level 8.2 Spellcasting
 + Level 6.1 Conjurations
 - Level 5.0 Translocations
 + Level 12.9 Fire Magic


You had 2 spell levels left.
You knew the following spells:

 Your Spells              Type           Power      Damage    Failure   Level
a - Foxfire               Conj/Fire      100%       2x1d9     1%          1
b - Flame Wave            Conj/Fire      69%        2d16      1%          4
c - Inner Flame           Hex/Fire       56%        N/A       1%          3
d - Scorch                Fire           100%       2d9       1%          2
e - Blink                 Tloc           64%        N/A       1%          2
f - Fireball              Conj/Fire      34%        3d14      3%          5
g - Volatile Blastmotes   Fire/Tloc      100%       2d18      1%          3
h - Iskenderun's Battles  Conj           37%        2d9       16%         5

Your spell library contained the following spells:

 Spells                   Type           Power      Damage    Failure   Level
 Stone Arrow              Conj/Erth      46%        3d9       6%          3
 Kiss of Death            Conj/Necr      92%        2d12      1%          1
 Lesser Beckoning         Tloc           64%        N/A       1%          2
 Momentum Strike          Conj/Tloc      70%        3d9       1%          2
 Freeze                   Ice            36%        1d5       7%          1
 Cigotuvi's Dreadful Rot  Necr/Pois/Air  18%        N/A       11%         2
 Ensorcelled Hibernation  Hex/Ice        18%        N/A       11%         2
 Ignite Poison            Fire/Tmut/Pois 43%        N/A       3%          3
 Hailstorm                Conj/Ice       23%        3d7       6%          3
 Confusing Touch          Hex            9%         N/A       21%         3
 Frozen Ramparts          Ice            18%        1d3       21%         3
 Spider Form              Tmut/Pois      9%         N/A       21%         3
 Anguish                  Hex/Necr       4%         N/A       56%         4
 Dispel Undead            Necr           9%         3d8       56%         4
 Summon Ice Beast         Ice/Summ       9%         N/A       56%         4
 Freezing Cloud           Conj/Ice/Air   9%         6-21      63%         5
 Summon Mana Viper        Hex/Summ       9%         N/A       88%         5
 Conjure Ball Lightning   Conj/Air       11%        3x3d6     96%         6
 Orb of Destruction       Conj           18%        9d8       99%         7
 Malign Gateway           Summ/Tloc      10%        N/A       100%        7
 Monstrous Menagerie      Summ           4%         N/A       100%        7
 Summon Horrible Things   Summ           4%         N/A       100%        8


Dungeon Overview and Level Annotations

Branches:
Dungeon (12/15)            Temple (1/1) D:7            Lair (2/5) D:8
    Orc (1/2) D:10         Bailey (visited)
  Swamp: Lair:2-3    Shoals: Lair:2-3     Snake: Lair:2-3    Spider: Lair:2-3

Altars:
Ashenzari
Cheibriados
Dithmenos
Elyvilon
Fedhas
Gozag
Hepliaklqana
Kikubaaqudgha
Makhleb
Nemelex Xobeh
Okawaru
Qazlal
Ru
Sif Muna
Trog
Uskayaw
Vehumet
Wu Jian
Xom
Yredelemnul
Zin
The Shining One

Shops:
D:2 =   D:4 *:

Annotations:
D:10 1 transporter
D:12 Azrael


Innate Abilities, Weirdness & Mutations

You can spit globs of acid.
Your golden yellow scales are hard. (AC +8)
You cannot fit into any form of body armour.
You are cold-blooded and may be slowed by cold attacks.
You are resistant to acid. (rCorr)


Message History

The enormous slime creature is burned terribly!
The enormous slime creature is heavily wounded.
The flame wave engulfs the yak!
The yak is heavily wounded.
The flame wave engulfs the yak.
The yak is heavily wounded.
The flame wave engulfs the yak!
Flame seeps out of the yak.
The yak is almost dead.
You finish channelling waves of flame.
The enormous slime creature is no longer more vulnerable to fire.
The yak is engulfed in blazing flames.
Vehumet accepts your kill.
You feel your power returning.
The yak explodes!
The fiery explosion engulfs the yak!!
You kill the yak!
Vehumet accepts your kill.
You feel your power returning.
The fiery explosion engulfs the yak!!
You kill the yak!
Vehumet accepts your kill.
Casting: Flame Wave (mildly dangerous; 1% risk of failure)
Confirm with . or Enter, or press ? or * to list all spells.
You feel a surge of power!
Flames lash the enormous slime creature.
The enormous slime creature is severely wounded.
The enormous slime creature's fire resistance burns away.
Casting: Scorch (safe; 1% risk of failure)
Confirm with . or Enter, or press ? or * to list all spells.
Okay, then.
You hit the enormous slime creature.
The enormous slime creature is severely wounded.
The enormous slime creature hits you!
You hit the enormous slime creature.
You tail-slap the enormous slime creature, but do no damage.
The enormous slime creature is severely wounded.
The enormous slime creature hits you!!!
Ouch! That really hurt!
* * * LOW HITPOINT WARNING * * *
The enormous slime creature hits you!!
You die...

#......#
#......#
......#
(.§§§+ ...§#
°§. #J# #@#
#.#
#######'####
#..........#
#..........#
#..........#
#..........#
#..........#
#..........#


You could see an enormous slime creature (combustible).

Vanquished Creatures
  Gastronok (D:11)
  Josephine (D:10)
  Fannar (D:10)
  2 two-headed ogres
  A deep elf pyromancer (D:12)
  An orc knight (D:9)
  A cyclops (D:8)
  An ugly thing (D:11)
  Joseph (D:7)
  A cane toad (Lair:1)
  An unseen horror (D:11)
  A komodo dragon (D:6)
  2 trolls (D:9)
  Prince Ribbit (D:7)
  4 hornets
  4 blink frogs (Lair:1)
  9 wraiths
  7 yaks
  4 wyverns
  A basilisk (D:11)
  3 steam dragons
  3 water moccasins
  Duvessa (D:5)
  7 orc warriors
  A black bear (D:4)
  2 ice beasts (D:8)
  A sky beast (D:8)
  An ogre (D:7)
  6 wolves (Lair:1)
  A centaur (D:11)
  3 phantoms
  Blork the orc (D:5)
  10 kobold brigands
  4 bullfrogs
  3 scorpions (D:5)
  7 wights
  Dowan (D:5)
  8 killer bees
  A howler monkey (D:5)
  5 jellies
  A gnoll bouda (D:8)
  5 orc priests
  Crazy Yiuf (D:7)
  6 hounds
  2 iguanas
  11 orc wizards
  3 sleepcaps
  Natasha (thrice) (D:3)
  12 gnolls
  9 adders
  A shadow imp (D:8)
  2 white imps
  An ufetubus (D:6)
  3 dart slugs
  46 orcs
  4 ball pythons
  8 bats
  5 endoplasms
  4 giant cockroaches
  11 goblins
  7 hobgoblins
  7 jackals
  24 kobolds
  10 quokkas
  5 frilled lizards
  6 rats
  2 butterflies (Lair:1)
313 creatures vanquished.

Vanquished Creatures (collateral kills)
  A kobold brigand (Bailey)
  A kobold (Bailey)
  11 foxfires (Lair:1)
13 creatures vanquished.

Vanquished Creatures (others)
  An orc (D:8)
  1671 foxfires
1672 creatures vanquished.

Grand Total: 1998 creatures vanquished

Notes
Turn   | Place    | Note
-------+----------+-------------------------------------------
     0 | D:1      | HaleSumoOx the Draconian Fire Elementalist began the quest
                  | for the Orb.
     0 | D:1      | Reached XP level 1. HP: 14/14 MP: 3/3
   100 | D:1      | Found a faded altar of an unknown god.
   213 | D:1      | Reached XP level 2. HP: 3/20 MP: 1/5
  1002 | D:1      | Reached XP level 3. HP: 26/26 MP: 2/6
  1635 | D:2      | Found Efucwao's Jewellery Boutique.
  1921 | D:2      | Reached XP level 4. HP: 33/33 MP: 2/7
  2638 | D:3      | Found a glowing silver altar of Zin.
  2734 | D:3      | Noticed Natasha
  2738 | D:3      | Killed Natasha
  2739 | D:3      | Reached skill level 4 in Fire Magic
  3156 | D:3      | Noticed Natasha
  3191 | D:3      | Killed Natasha
  3192 | D:3      | Reached XP level 5. HP: 20/38 MP: 0/9
  3277 | D:3      | Noticed Natasha
  3283 | D:3      | Killed Natasha
  3923 | D:3      | Reached XP level 6. HP: 45/45 MP: 6/10
  4465 | D:4      | Found Ibrut's Tiny Tomes.
  4491 | D:4      | Reached skill level 5 in Fire Magic
  4643 | D:4      | Learned a level 4 spell: Flame Wave
  4647 | D:4      | Learned a level 3 spell: Inner Flame
  5043 | D:4      | Found Ea-nāṣir's Fine Metal Goods.
  5147 | D:4      | Your scales start taking on a golden yellow colour.
  5147 | D:4      | Reached XP level 7. HP: 50/50 MP: 9/12
  5147 | D:4      | Gained mutation: You are resistant to acid. (rCorr) [Yellow
                  | Draconian growth]
  5290 | D:5      | Entered Level 5 of the Dungeon
  5291 | D:5      | Noticed Dowan
  5303 | D:5      | Killed Dowan
  5392 | D:4      | Identified a scroll of acquirement
  5393 | D:4      | Acquired 811 gold pieces
  5466 | D:2      | Bought a ring of fire for 350 gold pieces
  5471 | D:2      | Bought the ring of the Establishment {rElec rPois Str-5
                  | Int+3 SInv} for 476 gold pieces
  5596 | D:5      | Noticed Blork the orc
  5605 | D:5      | Killed Blork the orc
  5606 | D:5      | Reached skill level 6 in Fire Magic
  5670 | D:5      | Learned a level 2 spell: Scorch
  5761 | D:5      | Noticed Duvessa
  5764 | D:5      | Reached XP level 8. HP: 20/57 MP: 4/13
  5770 | D:5      | Killed Duvessa
  6799 | D:6      | Reached skill level 7 in Fire Magic
  7016 | D:6      | Noticed a komodo dragon
  7022 | D:6      | Killed a komodo dragon
  7023 | D:6      | Reached skill level 5 in Stealth
  7029 | D:6      | Reached skill level 5 in Spellcasting
  7029 | D:6      | Reached skill level 8 in Fire Magic
  7190 | D:6      | Reached XP level 9. HP: 50/62 MP: 10/16
  7238 | D:6      | Found a blossoming altar of Fedhas.
  7239 | D:6      | Found a stormy altar of Qazlal.
  8253 | D:7      | Noticed Joseph
  8265 | D:7      | Killed Joseph
  8266 | D:7      | Reached skill level 9 in Fire Magic
  8624 | D:7      | Found a runed translucent door.
  8625 | D:7      | Noticed Crazy Yiuf
  8647 | D:7      | Noticed Prince Ribbit
  8653 | D:7      | Killed Prince Ribbit
  8756 | D:7      | Killed Crazy Yiuf
  8828 | D:7      | Found a staircase to the Ecumenical Temple.
  8841 | Temple   | Entered the Ecumenical Temple
  8883 | Temple   | Became a worshipper of Vehumet
  9216 | D:8      | Found a flagged portal.
  9246 | Bailey   | Entered a bailey
  9291 | Bailey   | Reached skill level 10 in Fire Magic
  9326 | Bailey   | Noticed an orc knight
  9332 | Bailey   | Reached XP level 10. HP: 6/69 MP: 12/19
  9334 | Bailey   | Reached * piety under Vehumet
  9334 | Bailey   | Offered knowledge of Sandblast by Vehumet.
  9334 | Bailey   | HP: 3/69 [spore (6)]
  9373 | Bailey   | Found the +5 scythe "Finisher" {speed, execute}
  9374 | Bailey   | Found an iron altar of Okawaru.
 10093 | D:8      | Found a staircase to the Lair.
 10602 | D:8      | Noticed a two-headed ogre
 10605 | D:8      | Killed a two-headed ogre
 11064 | Lair:1   | Entered Level 1 of the Lair of Beasts
 11169 | Lair:2   | Noticed a catoblepas
 11308 | Lair:1   | Reached skill level 11 in Fire Magic
 11391 | Lair:1   | Reached skill level 5 in Dodging
 11913 | Lair:1   | Noticed a cane toad
 11928 | Lair:1   | Killed a cane toad
 12953 | D:8      | Noticed a cyclops
 12960 | D:8      | Killed a cyclops
 13090 | D:8      | Reached XP level 11. HP: 64/74 MP: 19/22
 13303 | D:8      | Reached skill level 12 in Fire Magic
 13846 | D:9      | Reached ** piety under Vehumet
 14026 | D:9      | Offered knowledge of Static Discharge by Vehumet.
 14272 | D:9      | Found a glowing golden altar of the Shining One.
 14275 | D:9      | Found a sparkling altar of Nemelex Xobeh.
 14276 | D:9      | Found a sacrificial altar of Ru.
 14337 | D:9      | Learned a level 2 spell: Blink
 14343 | D:9      | Learned a level 5 spell: Fireball
 14404 | D:9      | Found a white marble altar of Elyvilon.
 14512 | D:9      | Found a burning altar of Makhleb.
 14512 | D:9      | Found an iron altar of Okawaru.
 14514 | D:9      | Found a hazy altar of Hepliaklqana.
 14519 | D:9      | Found a snail-covered altar of Cheibriados.
 14520 | D:9      | Found an ornate altar of the Wu Jian Council.
 14522 | D:9      | Found a hide-covered altar of Uskayaw.
 14522 | D:9      | Found a bloodstained altar of Trog.
 14523 | D:9      | Found a shadowy altar of Dithmenos.
 14646 | D:9      | Killed an orc knight
 14647 | D:9      | Reached skill level 1 in Translocations
 14776 | D:10     | Entered Level 10 of the Dungeon
 14776 | D:10     | Noticed Fannar
 14784 | D:10     | Killed Fannar
 15108 | D:10     | Noticed Josephine
 15118 | D:10     | Killed Josephine
 15129 | D:10     | Reached skill level 5 in Conjurations
 15520 | D:10     | Offered knowledge of Stone Arrow by Vehumet.
 15766 | D:10     | Found a staircase to the Orcish Mines.
 15832 | D:10     | Found a transporter.
 15847 | D:10     | Found a transporter.
 15848 | D:10     | Found a transporter.
 15882 | D:10     | Found a transporter.
 16251 | D:10     | Noticed a two-headed ogre
 16256 | D:10     | Killed a two-headed ogre
 16256 | D:10     | Reached *** piety under Vehumet
 16263 | D:10     | Learned a level 3 spell: Volatile Blastmotes
 16505 | D:10     | Found a shimmering altar of Xom.
 16684 | Orc:1    | Entered Level 1 of the Orcish Mines
 16684 | Orc:1    | Noticed an orc knight
 17231 | D:11     | You fall into a shaft and drop 1 floor!
 17258 | D:12     | Noticed a red ugly thing
 17287 | D:12     | Learned a level 5 spell: Iskenderun's Battlesphere
 17305 | D:12     | Noticed a deep elf pyromancer
 17543 | D:11     | Noticed Gastronok
 17554 | D:11     | Noticed a cyan ugly thing
 17560 | D:11     | Killed Gastronok
 17560 | D:11     | Killed a cyan ugly thing
 17561 | D:11     | Reached XP level 12. HP: 24/81 MP: 13/24
 18496 | D:11     | Reached skill level 5 in Translocations
 19522 | D:12     | Noticed Azrael
 19614 | D:12     | Mangled by an enormous slime creature

Illustrated notes

Levels and vault maps discovered:
D:1:      matt_arrival_refuge, layout_basic,
          ebering_ecumenical_altar_sacrificial, serial_bayou_crossing
D:2:      layout_loops_ring, serial_shops, nicolae_shop_hallway_plus,
          minmay_misc_feat_rugged, serial_bayou_pond_d
D:3:      layout_basic, zin_academy, minmay_misc_feat_x,
          hangedman_feature_mirror, kennysheep_donut, minmay_cupped,
          uniq_natasha
D:4:      layout_rooms, portal_sewer_entry_d, grunt_ministairs_14,
          nicolae_shop_i_like_small_books_too, nicolae_ea-nasir_strikes_again
D:5:      layout_loops_ring, uniq_blork_the_orc, uniq_duvessa
D:6:      nicolae_cairo_tiling, layout_basic,
          grunt_temple_overflow_forces_of_nature
D:7:      layout_gridville, minmay_temple_entry_mist, uniq_prince_ribbit1,
          uniq_crazy_yiuf_cottage, uniq_joseph
D:8:      minmay_the_grid_octo_tiled_squarecenter [minmay_the_grid_octo_77,
          minmay_the_grid_octo_clover_2, minmay_the_grid_octo_toaster,
          minmay_the_grid_octo_fat_diamond,
          minmay_the_grid_square_5x5_megaprize_hollow,
          minmay_the_grid_square_5x5_two_walls_a,
          minmay_the_grid_square_5x5_half_checkered,
          minmay_the_grid_square_5x5_inner_z,
          minmay_the_grid_square_5x5_corner], layout_layer_cave,
          lair_entry_dummy, enter_bailey_5
D:9:      layout_cave_pools, elyvilon_altar_1,
          nicolae_overflow_hallway_of_the_gods, library_closet
D:10:     layout_rooms, tgw_xom, david_orc_3, nicolae_transporter_circle,
          uniq_josephine, uniq_fannar
D:11:     layout_loops_corners, gauntlet_entry_generic, uniq_gastronok
D:12:     layout_roguey, uniq_azrael
Temple:   hellmonk_temple_beads
Lair:1:   layout_concentric_octagons, lemuel_fruit_fields
Lair:2:   layout_gridlike, elwin_shoals_entry_rocks,
          spider_nest_entry_funnel_web
Orc:1:    layout_caves, nicolae_shop_gadgets

Skill      XL: |  1  2  3  4  5  6  7  8  9 10 11 12 |
---------------+-------------------------------------+-----
Dodging        | 2 3 4 5 7 |  7.9
Stealth        | 2 3 5 6 7 |  7.0
Conjurations   | 2 3 6 |  6.1
Fire Magic     | 4 5 6 8 10 11 12 | 12.9
Spellcasting   | 3 5 6 7 8 |  8.2
Translocations | 4 5 |  5.0

Action                     |  1- 3 |  4- 6 |  7- 9 | 10-12 || total
---------------------------+-------+-------+-------+-------++-------
  Melee: Unarmed           |    39 |       |       |       ||    39
         Tailslap          |     7 |     1 |     2 |     6 ||    16
         Punch             |     2 |       |       |       ||     2
         Spear             |     3 |       |       |       ||     3
         Staff             |       |    10 |     8 |       ||    18
         Scythe            |       |       |       |    24 ||    24
   Cast: Foxfire           |    94 |   182 |   352 |   438 ||  1066
         Inner Flame       |       |       |     8 |    25 ||    33
         Flame Wave        |       |       |     4 |    11 ||    15
         Scorch            |       |       |     3 |    34 ||    37
         Fireball          |       |       |       |    15 ||    15
         Blink             |       |       |       |     9 ||     9
         Volatile Blastmot |       |       |       |     2 ||     2
         Iskenderun's Batt |       |       |       |     3 ||     3
Ability: Breathe Acid      |       |       |     1 |       ||     1
  Evoke: Wand              |       |       |     1 |     4 ||     5
    Use: Scroll            |       |       |    15 |     9 ||    24
         Potion            |       |       |     6 |     8 ||    14
   Stab: Sleeping          |       |       |     1 |       ||     1
 Armour: Skin              |    38 |    18 |    40 |    57 ||   153
  Dodge: Dodged            |    42 |    36 |    92 |   152 ||   322
